 Dungeon Crawl Stone Soup version 0.32-a0-540-g866d13106e (webtiles) character file.

Game seed: 2447208636168294159

23 Atlas the Ruffian (level 2, -1/21 HPs)
             Began as a Demonspawn Shapeshifter on Feb 28, 2024.
             Slain by a ribbon worm (3 damage)
             ... on level 2 of the Dungeon.
             The game lasted 00:00:50 (943 turns).

Atlas the Ruffian (Demonspawn Shapeshifter)          Turns: 943, Time: 00:00:51

Health: -1/21      AC:  2    Str: 14    XL:     2   Next: 72%
Magic:  2/2        EV: 12    Int: 10    God:
Gold:   30         SH:  0    Dex: 12    Spells: 1/1 levels left

rFire   . .          .
                       - Unarmed
rCold   . . .        (no shield)
rNeg    . . .        a - +0 animal skin
rPois   .            (helmet currently unavailable)
rElec   .            (cloak currently unavailable)
rCorr   .            (gloves currently unavailable)
SInv    .            (boots currently unavailable)
Will    .....        (no amulet)
Stlth   +            (no ring)
HPRegen 0.23/turn    (no ring)
MPRegen 0.08/turn

%: no passive effects
@: beast-form
A: beast (slay +1), spiny 1
a: Begin Untransformation


You were on level 2 of the Dungeon.
You were a hulking beast.
You visited 1 branch of the dungeon, and saw 2 of its levels.

You collected 30 gold pieces.

Inventory:

Armour
 a - a +0 animal skin (worn)
 e - a +0 pair of gloves
 g - a +0 kite shield
Jewellery
 i - a ring of fire
Talismans
 c - a beast talisman (active)
 d - a flux talisman
Scrolls
 f - a scroll of enchant armour {unknown}
 h - 2 scrolls of revelation {unknown}
Potions
 b - a potion of lignification


   Skills:
 + Level 1.0 Fighting
 + Level 2.0 Dodging
 + Level 3.2 Unarmed Combat
 + Level 3.0 Shapeshifting


You had one spell level left.
You didn't know any spells.
Your spell library was empty.

Dungeon Overview and Level Annotations

Branches:
Dungeon (2/15)

Altars:


Innate Abilities, Weirdness & Mutations

You are a hulking beast.
Your limbs bulge with bestial killing power. (Slay +1)
You are partially covered in sharp spines.


Message History

You hit the ribbon worm but do no damage.
The ribbon worm is lightly wounded.
The ribbon worm bites you.
You hit the dart slug.
The dart slug is heavily wounded.
The dart slug launches a dart at you. The slug dart hits you.
You hit the dart slug.
The dart slug is severely wounded.
The ribbon worm expels a string of sticky webbing.
The stream of webbing hits you but does no damage.
You are caught in a web!
The dart slug launches a dart at you. The slug dart misses you.
The web tears apart.
The ribbon worm barely misses you.
You hit the dart slug.
You kill the dart slug!
The ribbon worm bites you!
Unknown command.
You hit the ribbon worm but do no damage.
You hit the ribbon worm.
The ribbon worm is lightly wounded.
The ribbon worm expels a string of sticky webbing.
The stream of webbing hits you but does no damage.
You are caught in a web!
The web tears apart.
The ribbon worm bites you.
You barely miss the ribbon worm.
The ribbon worm is lightly wounded.
The ribbon worm bites you.
* * * LOW HITPOINT WARNING * * *
You hit the ribbon worm.
The ribbon worm is moderately wounded.
The ribbon worm misses you.
Unknown command.
You hit the ribbon worm.
The ribbon worm is heavily wounded.
You hit the ribbon worm.
The ribbon worm is heavily wounded.
The ribbon worm bites you.
You die...

.##..# ##
.#..#
#.##...####
.........#
.#
#.#...#.#
... .......
.... #†w.#
....###h#
........#
........#
........#
#...###.#
#... #.#
... #.#
##.. #.#
#..# #.##


You could see a ribbon worm (catching breath).

Vanquished Creatures
  2 dart slugs
  2 endoplasms (D:1)
  3 goblins
  3 hobgoblins
  A quokka (D:1)
  A ball python (D:1)
  A frilled lizard (D:2)
  2 kobolds (D:1)
  3 rats
18 creatures vanquished.

Notes
Turn   | Place    | Note
-------+----------+-------------------------------------------
     0 | D:1      | Atlas the Demonspawn Shapeshifter began the quest for the
                  | Orb.
     0 | D:1      | Reached XP level 1. HP: 15/15 MP: 1/1
   147 | D:1      | Gained mutation: You are partially covered in sharp spines.
                  | [demonic ancestry]
   147 | D:1      | Reached XP level 2. HP: 21/21 MP: 2/2
   940 | D:2      | HP: 1/21 [ribbon worm (6)]
   943 | D:2      | Slain by a ribbon worm

Illustrated notes

Levels and vault maps discovered:
D:1:      eino_arrival_water_star, layout_loops_corners, serial_glass,
          glass_columns_a, glass_columns_a, glass_columns_a, glass_columns_b,
          glass_columns_a, glass_columns_b
D:2:      layout_loops_ring, minmay_misc_feat_columns, minmay_heptomino_d4

Skill      XL: |  1  2 |
---------------+-------+-----
Unarmed Combat | 3 |  3.2
Dodging        | 2 |  2.0
Shapeshifting  | 3 |  3.0
Fighting       | |  1.0

Action                     || total
---------------------------++-------
  Melee: Unarmed           ||    44
 Armour: Animal skin       ||    23
  Dodge: Dodged            ||    13

Table legend: (Time is in decaauts)
 A = Elapsed time spent in this place.
 B = Non-inter-level travel time spent in this place.
 C = Inter-level travel time spent in this place.
 D = Time resting spent in this place.
 E = Time spent auto-exploring this place.
 F = Levels seen in this place.
 G = Mean time per level.
                   A        B        C        D        E       F      G
               +--------+--------+--------+--------+--------+-----+--------+
         Total |    941 |    885 |     56 |      0 |    783 |   2 |  470.5 |
       Dungeon |    941 |    885 |     56 |      0 |    783 |   2 |  470.5 |
               +--------+--------+--------+--------+--------+-----+--------+

Top non-repeatable levels by time:
     D:1: 878 daAuts
     D:2: 63 daAuts
